 Dungeon Crawl Stone Soup version 0.27.0-1-g7a089689b8 (webtiles) character file.

Game seed: 13824244359642114602

60 PentaManta the Vandal (level 4, -5/36 HPs)
             Began as a Ghoul Hunter on Aug 17, 2021.
             Killed from afar by Sigmund (11 damage)
             ... with a puff of flame
             ... on level 3 of the Dungeon.
             The game lasted 00:02:46 (1749 turns).

PentaManta the Vandal (Ghoul Hunter)                Turns: 1749, Time: 00:02:46

Health: -5/36      AC:  6    Str: 16    XL:     4   Next: 6%
Magic:  3/3        EV:  9    Int:  6    God:
Gold:   83         SH:  0    Dex:  9    Spells: 3/3 levels left

rFire    . . .     SeeInvis .   a - +1 hunting sling
rCold    + . .     Faith    .   (no shield)
rNeg     + + +     Spirit   .   o - +0 scale mail
rPois    ∞         Reflect  .   (no helmet)
rElec    .         Harm     .   (no cloak)
rCorr    .         Rampage  .   (no gloves)
Will     .....                  (no boots)
Stlth    ..........             (no amulet)
HPRegen  0.00/turn              (no ring)
MPRegen  0.08/turn              (no ring)

@: mighty, flying, inhibited regen
A: claws 1, cold resistance 1, negative energy resistance 3, inhibited
regeneration, torment resistance 2
a: no special abilities


You were on level 3 of the Dungeon.
You visited 1 branch of the dungeon, and saw 3 of its levels.

You collected 83 gold pieces.

Inventory:

Hand Weapons
 a - a +1 hunting sling (weapon)
 b - a +0 short sword
Missiles
 d - 24 sling bullets (quivered ammo)
 h - 6 poisoned darts
Armour
 c - a +0 leather armour
 m - a +0 ring mail
 o - a +0 scale mail (worn)
Jewellery
 n - a +6 ring of dexterity
 q - a ring of protection from fire
Scrolls
 e - a scroll of brand weapon {unknown}
 f - a scroll of immolation {unknown}
 i - a scroll of holy word {unknown}
 j - a scroll of amnesia {unknown}
 p - a scroll of vulnerability {unknown}
 r - a scroll of acquirement {unknown}


   Skills:
 - Level 2.1 Fighting
 + Level 5.0 Slings
 - Level 1.7 Dodging
 - Level 1.1 Stealth


You had 3 spell levels left.
You didn't know any spells.
Your spell library contained the following spells:

 Spells                   Type           Power      Damage    Failure   Level
 Ensorcelled Hibernation  Hex/Ice        0%         N/A       96%         2
 Ignite Poison            Fire/Tmut/Pois 0%         N/A       99%         3
 Mephitic Cloud           Conj/Pois/Air  0%         N/A       99%         3
 Bolt of Magma            Conj/Fire/Erth 0%         4d4       100%        5
 Shadow Creatures         Summ           N/A        N/A       100%        6
 Spider Form              Tmut/Pois      Unusable   N/A       N/A         3

Dungeon Overview and Level Annotations

Branches:
Dungeon (3/15)

Altars:

Annotations:
D:3 Sigmund


Innate Abilities, Weirdness & Mutations

You thrive by killing the living.
You are immune to poison.
You have sharp fingernails.
Your flesh is cold resistant. (rC+)
You are immune to negative energy. (rN+++)
You do not regenerate when monsters are visible.
You are immune to unholy pain and torment.


Message History

Press: ? - help, Q - select action, (/) - cycle Shift-Dir - straight line, f/p - Sigmund
Aim: Sigmund, wielding a +0 scythe and wearing a +0 robe (almost dead, 55% to hit)
You shoot a sling bullet.
The sling bullet closely misses Sigmund.
Sigmund casts a spell at you.
You are confused.
Non-targeted confused fire: 27 sling bullets
Press: ? - help, Q - select action, (/) - cycle Dir - look around, f - activate
Okay, then.
It was a potion of lignification.
You feel woody for a moment.
Sigmund drinks a potion.
Sigmund is healed!
It was a potion of flight.
You feel very buoyant.
You fly up into the air.
Sigmund hits you from afar with a +0 scythe!
It was a potion of might.
You feel very mighty all of a sudden. Sigmund hits you but does no damage.
Non-targeted confused fire: 27 sling bullets
Press: ? - help, Q - select action, (/) - cycle Dir - look around, f - activate You shoot a sling bullet.
Sigmund screams, "Die, monster!"
Sigmund gestures at you while chanting. The puff of flame hits you.
You are too confused!
Non-targeted confused fire: 26 sling bullets
Press: ? - help, Q - select action, (/) - cycle Dir - look around, f - activate You shoot a sling bullet.
Sigmund closely misses you.
Non-targeted confused fire: 25 sling bullets
Press: ? - help, Q - select action, (/) - cycle Dir - look around, f - activate Look: Sigmund, wielding a +0 scythe and wearing a +0 robe (lightly wounded, 36% to hit)
You shoot a sling bullet.
Sigmund hits you from afar with a +0 scythe!
* * * LOW HITPOINT WARNING * * *
You feel less confused. Sigmund barely misses you.
Sigmund casts a spell at you. The puff of flame hits you!
You die...

## ###### .(# ######....#
...#
..........###########...#
.#..>..#.........((.....#
..........####.....(....#
...#.#....# #....@..(...
.........## #...........
...#.#...# #..@..(.....
.........#####...........
.#.....#.....#.......###.
.............#.......#
##..#........##........
................########
#####.........#.#
#.........#.#
#.........#.#


You could see Sigmund.

Vanquished Creatures
  An adder (D:2)
  A dart slug (D:1)
  7 endoplasms
  A giant cockroach (D:2)
  3 hobgoblins (D:2)
  9 jackals
  2 kobolds (D:1)
  3 quokkas
  7 ball pythons
  3 bats
  A frilled lizard (D:3)
  2 goblins
  3 rats
43 creatures vanquished.

Notes
Turn   | Place    | Note
-------+----------+-------------------------------------------
     0 | D:1      | PentaManta the Ghoul Hunter began the quest for the Orb.
     0 | D:1      | Reached XP level 1. HP: 17/17 MP: 0/0
   151 | D:1      | Reached skill level 4 in Slings
   151 | D:1      | Reached XP level 2. HP: 24/24 MP: 1/1
   209 | D:1      | Found a faded altar of an unknown god.
   683 | D:1      | Reached XP level 3. HP: 29/29 MP: 2/2
  1548 | D:2      | Reached skill level 5 in Slings
  1657 | D:3      | Reached XP level 4. HP: 36/36 MP: 3/3
  1729 | D:3      | Noticed Sigmund
  1749 | D:3      | Killed from afar by Sigmund

Illustrated notes

Levels and vault maps discovered:
D:1:      dpeg_arrival_pits, layout_basic, hellmonk_ecumenical_altar_run_dry
D:2:      layout_basic
D:3:      cheibrodos_helix_gallery, layout_rooms, st_stairs_2, uniq_ijyb,
          uniq_sigmund, uniq_robin

Skill      XL: |  1  2  3 |
---------------+----------+-----
Slings         | 4 5 |  5.0
Fighting       | |  2.1
Dodging        | |  1.7
Stealth        | |  1.1

Action                   |  1- 3 |  4- 6 || total
-------------------------+-------+-------++-------
 Fire: Hunting sling     |   108 |    17 ||   125
Throw: Dart              |       |     2 ||     2
  Use: Potion            |       |     3 ||     3
Armor: Leather armour    |    14 |       ||    14
       Ring mail         |     5 |       ||     5
       Scale mail        |       |     2 ||     2
Dodge: Dodged            |    25 |     4 ||    29
